 Dungeon Crawl Stone Soup version 0.18-a0-1203-gbde16db (webtiles) character file.

1615279 Leszczynek the Slayer (level 27, 266/266 HPs)
             Began as a Mottled Draconian Gladiator on Feb 1, 2016.
             Was the Champion of the Shining One.
             Escaped with the Orb
             ... and 3 runes!
             The game lasted 06:20:38 (93763 turns).

Leszczynek the Slayer (DrGl)                       Turns: 93763, Time: 06:20:39

Health: 266/266    AC: 23    Str: 19    XL:     27
Magic:  40/40      EV: 30    Int: 14    God:    the Shining One [******]
Gold:   3312       SH: 21    Dex: 17    Spells: 12 memorised, 13 levels left

rFire  + + .     SeeInvis .     a - +9 double sword (slice)
rCold  + + .     Gourm    .     (armour unavailable)
rNeg   + + +     Faith    .     S - +5 shield {rC+}
rPois  +         Spirit   .     K - +2 hat {MR+}
rElec  +         Dismiss  .     m - +2 cloak
rCorr  .         Reflect  .     L - +2 pair of gloves
SustAt .         Harm     .     B - +1 pair of boots "Yloikhlu" {rElec rPois}
MR     ++++.                    D - amulet of regeneration
Stlth  +.........               Q - ring of Annin {rF+ rC+ rN+ MR+ Dex-3}
                                k - ring of the Thirteen Beggars {rF+ Str+2 Int+2}

@: glowing, incredibly resistant to hostile enchantments, very unstealthy
A: breathe sticky flame splash, unfitting armour, deterioration 1, screaming 2,
weak 1, cold-blooded, subdued magic 1, AC +13
a: Breathe Sticky Flame, Divine Shield, Cleansing Flame, Summon Divine Warrior,
Renounce Religion
0: Orb of Zot
}: 3/15 runes: barnacled, abyssal, gossamer


You escaped.
You worshipped the Shining One.
The Shining One was exalted by your worship.
You were not hungry.

You visited 12 branches of the dungeon, and saw 55 of its levels.
You visited the Abyss 2 times.
You visited 1 bazaar.
You also visited: Ice Cave, Volcano and Wizlab.

You collected 7895 gold pieces.
You spent 4583 gold pieces at shops.

Inventory:

Hand Weapons
 a - a +9 double sword of slicing (weapon)
 b - a +6 eudemon blade of holy wrath
 J - the +9 scimitar of Embarrassment {elec, rC+ rN+ MR+}
   (You took it off a deep elf elementalist on level 3 of the Elven Halls)

   Occasionally, upon striking a foe, it will discharge some electrical energy
   and cause terrible harm.
   It protects you from cold.
   It protects you from negative energy.
   It affects your resistance to hostile enchantments.
Missiles
 c - 15 throwing nets
 s - 70 tomahawks (quivered)
 t - 62 javelins
 U - 8 steel javelins
 V - 6 javelins of penetration
Armour
 m - a +2 cloak (worn)
 B - the +1 pair of boots "Yloikhlu" (worn) {rElec rPois}
   (You found it on level 13 of the Dungeon)

   It insulates you from electricity.
   It protects you from poison.
 K - a +2 hat of magic resistance (worn)
 L - a +2 pair of gloves (worn)
 S - a +5 shield of cold resistance (worn)
Jewellery
 k - the ring of the Thirteen Beggars (left hand) {rF+ Str+2 Int+2}
   (You bought it in a shop on level 3 of the Elven Halls)

   [ring of intelligence]

   It affects your strength (+2).
   It affects your intelligence (+2).
   It protects you from fire.
 o - an uncursed ring of resist corrosion
 p - a +2 amulet of reflection
 C - the amulet of Agnosticism {Gourm rC++ Str+4}
   (You bought it in a shop on level 3 of the Elven Halls)

   [amulet of the gourmand]

   It allows you to eat raw meat even when not hungry.
   It affects your strength (+4).
   It greatly protects you from cold.
 D - an amulet of regeneration (around neck)
 P - a cursed ring of sustain attributes
 Q - the ring of Annin (right hand) {rF+ rC+ rN+ MR+ Dex-3}
   (You bought it in a shop in a bazaar)

   [ring of protection from fire]

   It affects your dexterity (-3).
   It protects you from fire.
   It protects you from cold.
   It protects you from negative energy.
   It affects your resistance to hostile enchantments.
 R - a +3 ring of strength
 W - the ring of Veipyz {Wiz rElec Int+3 Dex+3}
   (You took it off a deep elf master archer on level 3 of the Elven Halls)

   [ring of wizardry]

   It improves your spell success rate.
   It affects your intelligence (+3).
   It affects your dexterity (+3).
   It insulates you from electricity.
 Y - the ring of Wehasoli {rF+ rN+ Int+4}
   (You took it off a skeletal warrior on level 3 of the Crypt)

   [ring of positive energy]

   It affects your intelligence (+4).
   It protects you from fire.
   It protects you from negative energy.
 Z - the ring of Bamiwkaw {rF+ rN+ MR+ EV-2 Str-3}
   (You bought it in a shop in a bazaar)

   [ring of evasion]

   It affects your evasion (-2).
   It affects your strength (-3).
   It protects you from fire.
   It protects you from negative energy.
   It affects your resistance to hostile enchantments.
Scrolls
 h - 7 scrolls of magic mapping
 j - 5 scrolls of fear
 l - a scroll of silence
 n - 24 scrolls of remove curse
 u - 6 scrolls of teleportation
 y - 7 scrolls of fog
 A - 10 scrolls of identify
 H - 4 scrolls of blinking
 I - 4 scrolls of enchant armour
 N - 2 scrolls of summoning
 X - 3 scrolls of holy word
Potions
 e - 5 potions of resistance
 f - 21 potions of curing
 i - 6 potions of flight
 r - 3 potions of magic
 w - 2 potions of cancellation
 x - a potion of berserk rage
 z - 11 potions of brilliance
 E - 5 potions of heal wounds
 G - 5 potions of might
 M - 3 potions of agility
Comestibles
 d - 16 bread rations
 g - 2 chunks of flesh
 q - 26 meat rations
 v - 16 fruits


   Skills:
 + Level 25.5 Fighting
 - Level 19.0 Long Blades
   Level 7.1 Maces & Flails
 - Level 15.2 Throwing
 - Level 22.3 Dodging
 - Level 19.8 Shields
 - Level 13.1 Spellcasting
 - Level 14.0 Charms
 - Level 8.3 Summonings
 - Level 10.0 Translocations
 - Level 4.8 Transmutations
 - Level 0.2 Air Magic
 - Level 13.1 Earth Magic
 - Level 14.0 Invocations


You had 13 spell levels left.
You knew the following spells:

 Your Spells              Type           Power        Failure   Level  Hunger
a - Apportation           Tloc           ###.......   0%          1    None
b - Summon Butterflies    Summ           ###.....     1%          1    None
c - Flame Tongue          Conj/Fire      #....        4%          1    None
d - Song of Slaying       Chrm           ####....     0%          2    None
e - Shroud of Golubria    Chrm/Tloc      ####......   0%          2    None
f - Haste                 Chrm           ####....     1%          6    ######.
g - Deflect Missiles      Chrm/Air       ###.......   61%         6    ######.
h - Passwall              Trmt/Erth      ###.......   1%          3    None
i - Aura of Abjuration    Summ           ###.......   4%          5    #####..
j - Silence               Hex/Air        #.........   99%         5    #####..
q - Phase Shift           Tloc           ###.......   1%          5    #####..
w - Stoneskin             Trmt/Erth      ###.....     1%          2    None


Dungeon Overview and Level Annotations

Branches:
Dungeon (15/15)            Temple (1/1) D:6            Lair (8/8) D:9
 Shoals (4/4) Lair:5       Spider (4/4) Lair:3        Slime (0/6) Lair:7
    Orc (2/2) D:11            Elf (3/3) Orc:2        Vaults (4/5) D:14
  Crypt (3/3) Vaults:2       Tomb (0/3) Crypt:3      Depths (5/5) D:15
   Hell (1/1)                 Dis (0/7) Hell            Geh (0/7) Hell
    Coc (0/7) Hell            Tar (0/7) Hell            Zot (5/5) Depths:5

Altars:
Ashenzari
Cheibriados
Dithmenos
Elyvilon
Fedhas
Gozag
Kikubaaqudgha
Makhleb
Nemelex Xobeh
Okawaru
Pakellas
Qazlal
Ru
Sif Muna
Trog
Vehumet
Xom
Yredelemnul
Zin
The Shining One
Beogh

Shops:
D:5 (   D:6 =   D:10 (   Orc:2 [(:*   Elf:3 =   Shoals:1 *   Vaults:1 (
Depths:1 (%*!   Depths:3 (   Depths:4 %

Portals:
Hell: Depths:1 Depths:2 Depths:3 Depths:4 Depths:5
Abyss: Depths:4
Pandemonium: Depths:2 Depths:3 Depths:5
Ziggurat: Depths:3

Annotations:
D:14 exclusion: obsidian statue


Innate Abilities, Weirdness & Mutations

You can spit globs of burning liquid.
You can ignite nearby creatures when you spit burning liquid.
Your weird mottled scales are hard (AC +13).
Your body does not fit into most forms of armour.
You are cold-blooded and may be slowed by cold attacks.
Your body sometimes deteriorates upon taking damage.
You sometimes yell uncontrollably at your foes.
You are weak. (Str -2)
Your spells are a little easier to cast, but a little less powerful.


Message History

You slice the red devil!!
The red devil is severely wounded.
The red devil hops backward while attacking.
You block the red devil's attack.
The red devil hops backward while attacking.
You block the red devil's attack.
You completely miss the red devil.
The red devil is severely wounded.
The red devil hops backward while attacking.
The red devil barely misses you. You block the red devil's attack.
You hit the red devil but do no damage.
The red devil is severely wounded.
You slice the red devil!!
You kill the red devil!
The Shining One accepts your kill.
No target in view!
No target in view!
There is a staircase leading out of the dungeon here.
You have escaped!

.#....##........(.(....(.## #.
.#....#.#......#........#.#######
.#....#..#......#......#..#..†...
#######...#....#.#....#...#....##
......#.)..#..#...#..#....#....#.
#####.#.....##.....##.....#.####.
#.#.....#...#...#.....#.####.
#......#.....#.#.#.#..#......
#.#...#.#...@.#...#..........
#.#......#...#...#....#....>.
####.#.....#.#.#...#.....#......
#....#....#...#...#.#....#......
#.####...#...#...#...#...#......
##.####..#...#...#.....#..#......
....).#.#.......#.......#.#...÷..
...##.##.................##......
...##.##########.##########......


There were no monsters in sight!

Vanquished Creatures
  5 orbs of fire
  6 ancient liches
  2 juggernauts
  Frederick (Vaults:3)
  Saint Roka (Depths:1)
  A pandemonium lord (D:9)
  Margery (Depths:3)
  3 Killer Klowns
  3 curse toes
  Geryon (Hell)
  Jory (Vaults:4)
  A profane servitor (Abyss:1)
  7 golden dragons
  10 bone dragons
  Xtahua (Crypt:1)
  4 electric golems
  A hellephant (Depths:5)
  Jorgrun (Crypt:1)
  12 liches
  A titan (Depths:2)
  15 tentacled monstrosities
  A moon troll (WizLab)
  A Hell Sentinel (Abyss:3)
  A shard shrike skeleton (Crypt:2)
  29 Orb Guardians
  2 quicksilver dragons
  2 deep elf blademasters
  A deep elf master archer (Elf:3)
  22 tentacled starspawn
  12 ancient champions
  11 death cobs
  A sphinx (Vaults:3)
  Roxanne (Shoals:1)
  10 storm dragons
  7 shadow dragons
  10 draconian monks
  Ilsuiw (Shoals:4)
  7 tengu reavers
  5 revenants
  5 fire giants
  8 draconian knights
  2 daevas (Abyss:1)
  3 iron dragons
  Donald (Spider:4)
  3 deep elf sorcerers (Elf:3)
  8 draconian scorchers
  19 frost giants
  Louise (Spider:1)
  An iron dragon (shapeshifter) (Depths:2)
  9 ghost moths
  8 vault wardens
  An orc warlord (Depths:4)
  Aizul (Shoals:1)
  15 ghouls
  14 draconian shifters
  5 cacodemons
  7 emperor scorpions
  3 balrugs
  5 draconian zealots
  A juggernaut zombie (Depths:3)
  9 reapers
  19 very ugly things
  11 draconian annihilators
  3 deep elf elementalists
  A curse skull (Crypt:3)
  6 ironheart preservers
  3 spriggan defenders
  25 stone giants
  4 war gargoyles
  5 vampire knights
  2 salamander stormcallers
  Azrael (Orc:1)
  18 green draconians
  3 draconian callers
  21 black draconians
  8 deep elf demonologists
  A dire elephant (Lair:8)
  A lorocyproca (Abyss:1)
  11 purple draconians
  12 spark wasps
  17 white draconians
  13 red draconians
  18 yellow draconians
  10 deep elf annihilators
  19 mottled draconians
  4 eidola
  13 ettins
  A green death (Abyss:3)
  9 deep elf death magi
  Snorg (Orc:1)
  5 merfolk javelineers
  A mummy priest (Crypt:3)
  19 fire dragons
  19 jiangshi
  5 yaktaur captains
  10 merfolk impalers
  16 great orbs of eyes
  2 vault guards (Vaults:1)
  14 entropy weavers
  A deep elf high priest (Elf:3)
  9 hydras
  Fannar (Orc:1)
  14 ice dragons
  2 monstrous demonspawn
  3 quicksilver dragon skeletons
  A great orb of eyes (shapeshifter) (Elf:2)
  6 rakshasas
  3 spriggan air magi
  3 death knights
  An alligator snapping turtle (Shoals:2)
  10 ogre magi
  7 merfolk aquamancers (Shoals:4)
  4 merfolk avatars
  Erolcha (D:8)
  11 centaur warriors
  A satyr (Shoals:4)
  22 dancing weapons
  A catoblepas (Lair:8)
  9 deep troll earth magi
  11 tengu warriors
  8 deep troll shamans
  An orc high priest (Depths:4)
  3 hell hogs (D:15)
  5 death yaks (Lair:8)
  An iron giant skeleton (Depths:3)
  7 spriggan berserkers
  Urug (D:11)
  9 vampire magi
  7 soul eaters
  12 thrashing horrors
  Sonja (D:14)
  7 hell knights
  3 titan skeletons
  2 iron golems (Depths:5)
  14 deep elf knights
  2 storm dragon zombies
  2 shadow wraiths
  12 sun demons
  92 skeletal warriors
  A salamander mystic (Depths:4)
  16 wretched stars
  6 iron trolls
  13 spatial maelstroms
  4 wizards
  11 sea snakes
  An unseen horror (D:14)
  2 death drakes
  An anaconda zombie (Hell)
  2 golden dragon zombies
  9 giant orange brains
  22 deep trolls
  An orange crystal statue (WizLab)
  A storm dragon skeleton (Depths:3)
  8 flayed ghosts
  15 phantasmal warriors
  6 deep elf archers
  2 shadow dragon zombies
  A ghost moth zombie (Crypt:2)
  2 iron dragon zombies
  9 ironbrand convokers
  14 harpies
  15 necromancers
  2 anaconda skeletons
  10 hill giants
  12 orc knights
  3 shadow dragon skeletons
  10 hornets
  5 orc sorcerers
  A wolf spider zombie (Crypt:2)
  4 frost giant zombies
  24 orb spiders
  61 ugly things
  8 manticores
  A shining eye (shapeshifter) (Depths:2)
  37 deep elf magi
  5 salamanders (Depths:4)
  12 elephants
  4 water nymphs (Shoals:4)
  44 wolf spiders
  6 griffons
  9 fauns
  A salamander (shapeshifter) (Elf:1)
  5 frost giant skeletons
  A hornet (shapeshifter) (Elf:1)
  A guardian serpent (shapeshifter) (Vaults:4)
  10 sirens
  2 fire giant zombies (Depths:1)
  A sphinx skeleton (Depths:3)
  Maurice (D:13)
  A fire giant skeleton (Abyss:3)
  14 vault sentinels
  7 worldbinders
  8 sixfirhies
  5 rust devils
  A torpor snail (Spider:3)
  2 guardian serpents
  12 cyclopes
  20 smoke demons
  A titan simulacrum (Crypt:2)
  42 moths of wrath
  An elephant (shapeshifter) (Elf:3)
  An elephant slug zombie (Crypt:2)
  2 naga magi
  4 ice statues
  An iron dragon skeleton (Crypt:3)
  6 black mambas
  2 gargoyles
  An octopode (shapeshifter) (Depths:1)
  5 orange demons (Abyss:3)
  A storm dragon simulacrum (Crypt:1)
  2 shock serpent skeletons
  A molten gargoyle (Hell)
  3 stone giant skeletons
  4 eyes of devastation
  An alligator snapping turtle zombie (Crypt:2)
  4 apocalypse crabs (Abyss:3)
  5 kobold demonologists
  17 spiny frogs
  19 demonic crawlers
  2 tormentors
  3 hellions
  8 komodo dragons
  56 yaktaurs
  An emperor scorpion zombie (Crypt:2)
  A spriggan skeleton (Depths:3)
  A yaktaur (shapeshifter) (Depths:2)
  5 tengu conjurers
  An anaconda simulacrum (Crypt:2)
  5 ice devils
  3 polar bears (shapeshifter)
  A fire drake (Lair:7)
  13 ancient zymes
  6 guardian mummies (Crypt:3)
  A spriggan druid (Lair:5)
  3 hellwings
  3 red devils
  A hydra zombie (Crypt:1)
  8 trolls
  A wolf spider simulacrum (Abyss:1)
  A giant leech (shapeshifter) (Abyss:1)
  40 jumping spiders
  2 queen bees
  A wind drake (Shoals:4)
  34 merfolk
  A troll (shapeshifter) (Depths:4)
  Grinder (D:6)
  A harpy zombie (Crypt:2)
  5 polar bears
  15 two-headed ogres
  34 slime creatures
  A sphinx simulacrum (Vaults:3)
  9 freezing wraiths
  2 blink frogs (shapeshifter)
  An ettin zombie (Crypt:2)
  4 giant leeches (Spider:3)
  7 boulder beetles
  15 snapping turtles
  9 blink frogs
  A raiju (shapeshifter) (Abyss:1)
  A bog body (Crypt:1)
  2 harpy skeletons
  3 alligator zombies
  A fire giant simulacrum (Crypt:2)
  A frost giant simulacrum (Abyss:3)
  47 raiju
  2 ice dragon zombies
  2 fire dragon zombies
  2 spriggan zombies
  23 flying skulls
  5 air elementals
  A satyr skeleton (Crypt:1)
  76 redbacks
  A spriggan (shapeshifter) (D:13)
  5 spriggans
  2 elf skeletons (Depths:3)
  An alligator skeleton (Hell)
  5 vampires
  3 ice dragon skeletons
  An ettin skeleton (Crypt:3)
  5 shadows
  A hog (shapeshifter) (Depths:3)
  13 ynoxinuls
  A dire elephant simulacrum (Crypt:2)
  12 golden eyes
  11 wraiths
  58 yaks
  A wyvern (D:14)
  12 fire elementals
  8 basilisks
  21 water elementals
  12 hippogriffs
  35 tarantellas
  2 fire bats
  3 fire dragon skeletons (Crypt:3)
  4 hungry ghosts
  8 chaos spawn
  15 vampire mosquitoes
  13 neqoxecs
  A mottled dragon (D:15)
  Grum (D:11)
  2 soldier ants
  20 wolves
  A harpy simulacrum (D:14)
  49 large abominations
  2 wargs
  A warg (shapeshifter) (Vaults:4)
  A water moccasin (shapeshifter) (Depths:1)
  5 spatial vortices (Abyss:3)
  A spiny frog zombie (Crypt:1)
  Duvessa (D:6)
  An entropy weaver simulacrum (Vaults:2)
  2 nagas (Abyss:3)
  17 water moccasins
  13 hell hounds
  35 orc warriors
  5 sky beasts
  15 porcupines
  2 spiny frog skeletons
  36 ogres
  4 eyes of draining
  21 ice beasts
  2 black bears
  4 phantoms
  12 wasps
  8 boggarts
  3 necrophages (Crypt:1)
  3 swamp dragon skeletons
  A snapping turtle skeleton (Crypt:3)
  30 centaurs
  2 manticore skeletons (Hell)
  18 big kobolds
  14 crocodiles
  The ghost of YrmMerkstave the Stinger, an amateur DEVM (D:3)
  A salamander zombie (Crypt:3)
  4 earth elementals
  Blork the orc (D:6)
  16 giant frogs
  A spiny frog simulacrum (Hell)
  Dowan (D:6)
  A water moccasin skeleton (D:4)
  7 scorpions
  43 small abominations
  A shapeshifter zombie (Crypt:2)
  A troll skeleton (Crypt:2)
  31 killer bees
  2 electric eels
  25 wights
  A polar bear skeleton (Crypt:2)
  7 crimson imps
  4 centaur zombies
  68 starcursed masses
  2 human zombies (Crypt:1)
  4 jellies
  2 wasp zombies
  6 centaur skeletons
  6 quasits
  2 gnoll shamans
  18 orc priests
  10 hounds
  3 giant frog skeletons
  10 iron imps
  27 orc wizards
  11 iguanas
  7 worker ants
  16 hell rats
  24 sheep
  A deep dwarf zombie (Crypt:3)
  A big kobold skeleton (Crypt:1)
  2 hound zombies
  2 tengu skeletons
  A hound skeleton (Crypt:3)
  3 worker ant zombies
  16 gnolls
  12 adders
  47 river rats
  A swamp drake skeleton (Crypt:3)
  7 shadow imps
  7 white imps
  4 ufetubi
  3 oozes
  2 worms
  2 adder skeletons
  A lava snake skeleton (Crypt:3)
  8 giant geckos
  76 orcs
  A bat skeleton (Crypt:2)
  3 giant cockroaches
  9 goblins
  7 hobgoblins
  4 jackals
  32 kobolds
  10 quokkas
  3 ball pythons
  A ball python zombie (Crypt:1)
  10 bats
  A giant newt (D:2)
  2 jackal skeletons
  A jackal zombie (Crypt:1)
  2 kobold skeletons
  A quokka skeleton (D:7)
  A quokka zombie (D:9)
  6 rats
  3 plants (D:9)
  20 starspawn tentacles
3363 creatures vanquished.

Vanquished Creatures (collateral kills)
  The ghost of Duffy the Brawler, an adept MiFi of Cheibriados (Shoals:4)
  A draconian scorcher (Zot:3)
  A draconian annihilator (Zot:2)
  A black draconian (Zot:2)
  A mottled draconian (Zot:2)
  A red draconian (Zot:2)
  A white draconian (Zot:1)
  A jiangshi (Crypt:2)
  A spriggan air mage (Depths:2)
  A spatial maelstrom (Abyss:3)
  A large abomination (Abyss:1)
  A hornet (shapeshifter) (Depths:2)
  A moth of wrath (Zot:2)
  A manticore (Shoals:4)
  A dire elephant skeleton (Abyss:1)
  A green draconian zombie (Crypt:2)
  A merfolk (Shoals:4)
  2 redbacks (Depths:2)
  A starcursed mass (Abyss:1)
  A water elemental (Shoals:4)
  2 small abominations (Abyss:1)
23 creatures vanquished.

Vanquished Creatures (others)
  A deep elf master archer (Elf:3)
  An eldritch tentacle (Crypt:2)
  A storm dragon (Zot:2)
  A fire giant (Depths:1)
  A draconian scorcher (Zot:2)
  A deep elf elementalist (Depths:1)
  2 mottled draconians (Zot:2)
  A red draconian (Zot:2)
  A deep elf death mage (Crypt:2)
  A yaktaur captain (Vaults:3)
  A jiangshi (Abyss:3)
  An ice dragon (Depths:3)
  A tengu warrior (Depths:3)
  A vampire mage (Abyss:3)
  2 deep troll earth magi (Depths:3)
  A satyr (Shoals:3)
  A large abomination (Abyss:3)
  5 deep elf archers
  2 deep trolls
  A deep elf mage (Elf:3)
  3 moths of wrath (Zot:5)
  2 cyclopes
  9 yaktaurs
  A jumping spider (Spider:2)
  A hydra zombie (Hell)
  A tengu conjurer (Depths:3)
  An air elemental (Depths:2)
  A redback (Spider:2)
  A small abomination (Abyss:3)
  A chaos spawn (Abyss:3)
  An orc warrior (Depths:1)
  3 centaurs (Depths:2)
  A hell rat (Hell)
  A white imp (Abyss:3)
  3 orcs
  3 kobolds
  2 demonic plants (WizLab)
  48 eldritch tentacle segments (Crypt:2)
  19 fungi
  6 lost souls
  35 plants
  60 starspawn tentacles
  1309 starspawn tentacle segments
  4 tentacles (Shoals:1)
  142 tentacle segments (Shoals:1)
1685 creatures vanquished.

Grand Total: 5071 creatures vanquished

Notes
Turn   | Place    | Note
--------------------------------------------------------------
     0 | D:1      | Leszczynek the Draconian Gladiator began the quest for the Orb.
     0 | D:1      | Reached XP level 1. HP: 17/17 MP: 1/1
   320 | D:1      | Reached XP level 2. HP: 24/24 MP: 2/2
   596 | D:1      | Reached skill level 4 in Maces & Flails
  1031 | D:2      | Reached XP level 3. HP: 29/29 MP: 3/3
  1150 | D:2      | Found a sacrificial altar of Ru.
  1390 | D:2      | Reached skill level 1 in Shields
  1917 | D:2      | Reached XP level 4. HP: 32/36 MP: 4/4
  2057 | D:3      | Reached skill level 5 in Maces & Flails
  2092 | D:3      | Noticed YrmMerkstave's ghost (amateur DEVM)
  2249 | D:3      | Found a shattered altar of Ashenzari.
  2768 | D:3      | Killed YrmMerkstave's ghost
  2768 | D:3      | Reached XP level 5. HP: 28/41 MP: 5/5
  3188 | D:3      | Noticed an orc warrior
  3189 | D:3      | sure, orc warrior already
  3189 | D:3      | still better than a two-headed ogre from the last game i guess
  3410 | D:4      | Noticed an ogre
  3415 | D:4      | and there's an ogre
  3520 | D:4      | Found a shadowy altar of Dithmenos.
  3820 | D:4      | Reached skill level 6 in Maces & Flails
  3820 | D:4      | Reached XP level 6. HP: 36/48 MP: 6/6
  4288 | D:4      | 46% worked 4 times in a row, sure
  4737 | D:5      | Entered Level 5 of the Dungeon
  4776 | D:5      | Reached XP level 7. HP: 43/55 MP: 7/7
  4776 | D:5      | Your scales start taking on a weird mottled colour.
  4777 | D:5      | so, this is the worst one, isn't it
  4777 | D:5      | mottled dr
  4995 | D:5      | Reached skill level 7 in Maces & Flails
  5008 | D:5      | Found Usheump's Antique Weapon Emporium.
  5112 | D:5      | Got a slimy falchion
  5113 | D:5      | Identified the +7 falchion of Cefreipt {flame, +Inv rElec rPois MR+ Int+3} (You found it on level 5 of the Dungeon)
  5114 | D:5      | wow
  5114 | D:5      | i think i'll switch to long blades
  5272 | D:5      | Found a blossoming altar of Fedhas.
  5418 | D:5      | Bought a faintly glowing greatsling for 340 gold pieces
  5418 | D:5      | Identified the +11 greatsling of Vyangad {freeze, *Contam +Inv Int+4} (You bought it in a shop on level 5 of the Dungeon)
  5419 | D:5      | wooooooah
  5419 | D:5      | dat contam tho
  5493 | D:6      | Reached skill level 1 in Long Blades
  5873 | D:6      | Noticed Blork the orc
  5878 | D:6      | Killed Blork the orc
  5931 | D:6      | book of tempests you say
  5972 | D:6      | Reached skill level 5 in Long Blades
  5972 | D:6      | Reached XP level 8. HP: 61/61 MP: 8/8
  5975 | D:6      | Found Moosm's Jewellery Boutique.
  6021 | D:6      | Noticed Dowan
  6022 | D:6      | Noticed Duvessa
  6036 | D:6      | Killed Duvessa
  6039 | D:6      | Killed Dowan
  6163 | D:6      | Noticed Grinder
  6165 | D:6      | shit
  6182 | D:6      | Killed Grinder
  6192 | D:6      | Found a staircase to the Ecumenical Temple.
  6250 | Temple   | Entered the Ecumenical Temple
  6423 | Temple   | oh wait, there's no okawaru at all
  6468 | Temple   | Became a worshipper of the Shining One
  6729 | D:6      | Reached skill level 8 in Long Blades
  6896 | D:7      | Reached XP level 9. HP: 67/67 MP: 9/9
  6932 | D:7      | Reached skill level 9 in Long Blades
  6946 | D:7      | Learned a level 1 spell: Apportation
  7116 | D:7      | Reached * piety under the Shining One
  7144 | D:7      | Found a white marble altar of Elyvilon.
  7179 | D:7      | Reached skill level 10 in Long Blades
  7450 | D:8      | Found an iron altar of Okawaru.
  7455 | D:8      | oh, here's okawaru
  7455 | D:8      | oh well
  7568 | D:8      | Reached skill level 11 in Long Blades
  7679 | D:8      | Reached XP level 10. HP: 78/80 MP: 10/10
  7774 | D:8      | Noticed Erolcha
  7775 | D:8      | oops
  7775 | D:8      | well with MR+ from the sword i can try fighting her at least
  7779 | D:8      | ah, right, throwing nets kinda suck in this situation
  7798 | D:8      | Killed Erolcha
  7798 | D:8      | Reached skill level 5 in Fighting
  8289 | D:5      | Bought a crude long sword for 144 gold pieces
  8289 | D:5      | Identified the +2 long sword of the Wasp {freeze, rC- MR+ Str+4} (You bought it in a shop on level 5 of the Dungeon)
  8290 | D:5      | freeze and rC-, weird
  8290 | D:5      | still worse than my current one
  8290 | D:5      | Bought a runed long sword for 59 gold pieces
  8425 | D:9      | Found a staircase to the Lair.
  8445 | D:9      | time to die to a komodo dragon
  8589 | D:9      | or not
  8676 | D:9      | Reached skill level 12 in Long Blades
  9186 | D:9      | Found a shimmering altar of Xom.
  9225 | D:9      | Found a basalt altar of Yredelemnul.
  9225 | D:9      | Found a glowing silver altar of Zin.
  9336 | D:9      | Identified a scroll of acquirement
  9340 | D:9      | aw yisss
  9340 | D:9      | great acquirement
  9341 | D:9      | +5 already
  9341 | D:9      | awesome
  9382 | D:10     | Entered Level 10 of the Dungeon
  9382 | D:10     | Found Ykked's Antique Weapon Shoppe.
  9481 | D:10     | Noticed a hill giant
  9494 | D:10     | Killed a hill giant
  9694 | D:10     | beeees
  9714 | D:10     | Reached skill level 13 in Long Blades
  9741 | D:10     | barely
  9954 | D:10     | nooo
 10005 | D:10     | HOW MANY OF THEM ARE HERE
 10176 | D:10     | stop already
 10198 | D:10     | Reached XP level 11. HP: 78/92 MP: 11/11
 10199 | D:10     | must be a nest
 10248 | D:10     | Reached ** piety under the Shining One
 10606 | D:10     | randart scimitar
 10606 | D:10     | gotta check it out later when i have cash
 10606 | D:10     | maybe after orc
 11125 | D:11     | Noticed a stone giant
 11126 | D:11     | n o p e
 11126 | D:11     | or do i try it
 11126 | D:11     | lol
 11137 | D:10     | nope, i don't
 11216 | Lair:1   | Entered Level 1 of the Lair of Beasts
 11387 | Lair:1   | Noticed a five-headed hydra
 11411 | Lair:1   | Killed a one-headed hydra
 11411 | Lair:1   | Reached skill level 14 in Long Blades
 12098 | Lair:1   | Reached skill level 1 in Invocations
 12896 | Lair:1   | Reached XP level 12. HP: 73/105 MP: 14/14
 13329 | Lair:2   | Reached skill level 15 in Long Blades
 13920 | Lair:2   | Reached *** piety under the Shining One
 13948 | Lair:2   | You fall through a shaft for 2 floors!
 14040 | Lair:3   | Noticed a six-headed hydra
 14043 | Lair:3   | Noticed an eight-headed hydra
 14451 | Lair:3   | Found a dark tunnel.
 14458 | Volcano  | Entered a volcano
 14586 | Volcano  | Reached skill level 10 in Fighting
 14729 | Volcano  | eh, nothing interesting
 14729 | Volcano  | literally a potion of resistance and 3 javelins
 15142 | Lair:3   | Got a pitted arbalest
 15143 | Lair:3   | Identified the +6 arbalest of the Sage {freeze, +Blink rC+} (You found it on level 3 of the Lair of Beasts)
 15144 | Lair:3   | nice
 15144 | Lair:3   | too bad i want to use shields
 15321 | Lair:3   | Found a hole to the Spider Nest.
 15336 | Lair:3   | Reached skill level 5 in Dodging
 15370 | Lair:3   | Killed a one-headed hydra
 15519 | Lair:3   | Killed a one-headed hydra
 15541 | Lair:3   | Reached skill level 5 in Invocations
 16982 | Lair:5   | centaur pack in lair?
 16994 | Lair:5   | Found a staircase to the Shoals.
 17089 | Lair:5   | Reached XP level 13. HP: 99/113 MP: 17/17
 17101 | Lair:5   | Reached skill level 16 in Long Blades
 18088 | Lair:6   | now that i think about it
 18088 | Lair:6   | shoals are a decent source of javelins
 18100 | Lair:6   | if you can survive the javelins of course
 18168 | Lair:6   | Found a sacrificial altar of Ru.
 18995 | Lair:6   | i don't actually have a weapon to brand
 19782 | Lair:7   | Reached **** piety under the Shining One
 20230 | Lair:7   | Found a staircase to the Slime Pits.
 20383 | Lair:8   | Entered Level 8 of the Lair of Beasts
 21156 | Lair:8   | Gained mutation: You can translocate small distances at will. [potion of beneficial mutation]
 21213 | Lair:8   | Reached XP level 14. HP: 124/124 MP: 17/20
 21441 | Lair:8   | Reached skill level 10 in Dodging
 21999 | Lair:8   | Identified Dayfiyl's Almanac of Shape Shifting and Translocation
 22499 | D:11     | Noticed Grum
 22512 | D:11     | Killed Grum
 22812 | D:11     | Found a staircase to the Orcish Mines.
 23333 | D:11     | Killed a stone giant
 23469 | Orc:1    | Entered Level 1 of the Orcish Mines
 23473 | Orc:1    | Noticed Urug
 23637 | D:11     | Killed Urug
 23930 | Orc:1    | Found a frozen archway.
 23966 | IceCv    | Entered an ice cave
 24128 | IceCv    | Identified the Catalogue of Lightness
 24355 | Orc:1    | Noticed Snorg
 24368 | Orc:1    | Killed Snorg
 24450 | Orc:1    | Noticed Fannar
 24466 | Orc:1    | Killed Fannar
 24566 | Orc:2    | Entered Level 2 of the Orcish Mines
 24742 | Orc:2    | Noticed Azrael
 24752 | Orc:1    | Reached skill level 10 in Invocations
 24959 | Orc:1    | azrael here, ettin there
 24959 | Orc:1    | marvelous
 25385 | Orc:1    | jesus aren't they supposed to be bad at hitting you?
 25608 | Orc:1    | Killed Azrael
 25772 | Orc:2    | Found Tiecel's Antique Armour Shoppe.
 25792 | Orc:2    | Bought a shield for 117 gold pieces
 25823 | Orc:2    | Found Pijaiblu's Book Boutique.
 26057 | Orc:2    | Found Hakof's General Store.
 26057 | Orc:2    | Noticed a stone giant
 26058 | Orc:2    | stone giant and two cyclopses
 26058 | Orc:2    | or whatever the plural form of that is
 26058 | Orc:2    | what
 26058 | Orc:2    | why
 26058 | Orc:2    | in Orc
 26058 | Orc:2    | jesus
 26072 | Orc:2    | Killed a stone giant
 26072 | Orc:2    | Reached skill level 5 in Shields
 26086 | Orc:2    | Found a staircase to the Elven Halls.
 26280 | Orc:2    | Reached XP level 15. HP: 56/134 MP: 22/22
 26602 | Orc:2    | Found Beapp's Antique Weapon Boutique.
 26843 | Orc:2    | Bought a +5 ring of evasion for 550 gold pieces
 26982 | D:10     | Bought a fine scimitar for 342 gold pieces
 26984 | D:10     | Identified the cursed +3 scimitar of the Skies Above {flame, Str+2} (You bought it in a shop on level 10 of the Dungeon)
 27215 | D:12     | Reached ***** piety under the Shining One
 28038 | D:13     | Noticed Maurice
 28044 | D:13     | Killed Maurice
 28048 | D:13     | Got a pair of spiked boots
 28049 | D:13     | Identified the +1 pair of boots "Yloikhlu" {rElec rPois} (You found it on level 13 of the Dungeon)
 28050 | D:13     | not bad
 28793 | D:14     | Reached skill level 10 in Shields
 28812 | D:14     | Found a gate to the Vaults.
 28943 | D:14     | Noticed Sonja
 28944 | D:14     | Reached ****** piety under the Shining One
 28953 | D:14     | Killed Sonja
 29384 | D:15     | Entered Level 15 of the Dungeon
 29539 | D:15     | Found a staircase to the Depths.
 30379 | Spider:1 | Entered Level 1 of the Spider Nest
 30512 | Spider:1 | Noticed Louise
 30540 | Spider:1 | Killed Louise
 31032 | Lair:3   | brb
 31101 | Shoals:1 | Entered Level 1 of the Shoals
 31115 | Shoals:1 | Cast into level 2 of the Abyss (merfolk)
 31115 | Abyss:2  | Found a corrupted altar of Lugonu.
 31117 | Abyss:2  | jesus fuck
 31183 | Shoals:1 | Escaped the Abyss
 31185 | Shoals:1 | Noticed Roxanne
 31278 | Shoals:1 | Reached XP level 16. HP: 107/141 MP: 23/23
 31330 | Shoals:1 | Noticed Aizul
 31360 | Shoals:1 | Killed Aizul
 31569 | Shoals:1 | Reached skill level 5 in Throwing
 31600 | Shoals:1 | Found Ysum's General Store.
 31930 | Shoals:1 | Noticed a kraken
 34581 | Spider:2 | Reached skill level 10 in Throwing
 36092 | Spider:3 | Reached XP level 17. HP: 122/148 MP: 24/24
 37369 | Spider:4 | Entered Level 4 of the Spider Nest
 37541 | Spider:4 | Noticed Donald
 37630 | Spider:4 | Killed Donald
 37800 | Spider:4 | Reached skill level 15 in Shields
 38873 | Spider:4 | Got a gossamer rune of Zot
 38960 | Spider:4 | Reached skill level 1 in Translocations
 40153 | Shoals:3 | manual of Armour
 40153 | Shoals:3 | OF ARMOUR
 40153 | Shoals:3 | fuck you too
 40154 | Shoals:3 | of fucking Amour
 40154 | Shoals:3 | i'm so angry i'm making typos
 40158 | Shoals:3 | i'm furiously disappointed, one could say
 40274 | Shoals:3 | wow, amulet of reflection is the best weapon against satyrs it seems
 40542 | Shoals:4 | Entered Level 4 of the Shoals
 40708 | Shoals:4 | oh god
 40708 | Shoals:4 | i'm dead
 40725 | Shoals:4 | Reached skill level 15 in Fighting
 40736 | Shoals:4 | Reached XP level 18. HP: 91/163 MP: 23/25
 40772 | Shoals:4 | Got a barnacled rune of Zot
 40794 | Shoals:4 | i made it somehow
 40794 | Shoals:4 | but that's my last potion of haste gone
 40865 | Shoals:4 | Noticed Ilsuiw
 40950 | Shoals:4 | just let me rest you fucking shitheads
 40950 | Shoals:4 | 5 out of 8 heal wounds gone
 40999 | Shoals:4 | aquamancers, aquamancers everywhere
 41243 | Shoals:4 | not that bitch again
 41244 | Shoals:4 | Reached skill level 5 in Translocations
 41269 | Shoals:4 | Killed Ilsuiw
 41270 | Shoals:4 | die
 41633 | Shoals:4 | fuck water nymphs
 41633 | Shoals:4 | fuck shoals
 41637 | Shoals:4 | the moment i use the last potion of flight, i'm outta here no matter how many cool items i will have left here
 41643 | Shoals:4 | at lest javelineers are killing themselves
 41914 | Shoals:4 | Noticed Duffy's ghost (adept MiFi)
 41915 | Shoals:4 | minotaur fighter ghost with AC++++++
 41915 | Shoals:4 | suuuuure
 41935 | Shoals:4 | Killed Duffy's ghost
 42540 | Shoals:4 | at least i got 60+ javelins out of this
 42540 | Shoals:4 | and 14 nets i'll never remember to use
 42715 | Shoals:1 | let's try killing roxanne
 42715 | Shoals:1 | whatever could go wrong
 42743 | Shoals:1 | Killed Roxanne
 42744 | Shoals:1 | actually nothing did
 42745 | Shoals:1 | Identified Roxanne's Tome of Earth (You took it off Roxanne on level 1 of the Shoals)
 42867 | D:9      | Gained mutation: You are resistant to hostile enchantments. [potion of beneficial mutation]
 42868 | D:9      | oooooh
 42868 | D:9      | MR mutation
 42868 | D:9      | yesssss
 42868 | D:9      | okay, now i can try vaults and elf
 43058 | Vaults:1 | Entered Level 1 of the Vaults
 43072 | Vaults:1 | 11% sentinel mark with the weapon switched, 38% without
 43072 | Vaults:1 | passable, i hope at least
 43253 | Vaults:1 | also no rF
 43253 | Vaults:1 | fire giants and fire dragon will be fun
 44474 | Vaults:1 | Found Kiychijo's Antique Weapon Shoppe.
 44681 | Vaults:1 | Reached XP level 19. HP: 157/172 MP: 27/27
 45949 | Vaults:2 | Found a staircase to the Crypt.
 46098 | Vaults:2 | Reached skill level 17 in Fighting
 46659 | Vaults:2 | Got a faintly glowing hat
 46662 | Vaults:2 | Got an encrusted hat
 46663 | Vaults:2 | Identified the +0 hat "Jebext" {-Tele MR++ MP+9 Int+4} (You found it on level 2 of the Vaults)
 46664 | Vaults:2 | sdffdfgdfgdfgdf
 46664 | Vaults:2 | jesus
 46664 | Vaults:2 | fuck this
 46664 | Vaults:2 | i'd even take *Tele
 46664 | Vaults:2 | but not this
 46664 | Vaults:2 | Identified the +0 hat of True Grit {*Confuse rCorr Str+2 Stlth+} (You found it on level 2 of the Vaults)
 46665 | Vaults:2 | and the second one is spectaluraly useless
 46665 | Vaults:2 | thankis
 46665 | Vaults:2 | thanks
 46675 | Vaults:2 | Found a radiant altar of Vehumet.
 46684 | Vaults:2 | Got a twisted hat
 46689 | Vaults:2 | Identified the +2 hat "Umud" {rF- Dex+4} (You found it on level 2 of the Vaults)
 46690 | Vaults:2 | wow
 46726 | Vaults:2 | one of these hats must be good
 46726 | Vaults:2 | right?
 46762 | Vaults:2 | yes
 46762 | Vaults:2 | finally
 46762 | Vaults:2 | MR+ hat
 47062 | Vaults:3 | now if only i had rF
 47109 | Vaults:3 | Noticed Frederick
 47125 | Vaults:3 | Killed Frederick
 47183 | Vaults:3 | Got a glittering iron ring
 47184 | Vaults:3 | Identified the ring "Xuru" {Fire rPois rN+ Int-5 Slay+3} (You found it on level 3 of the Vaults)
 47185 | Vaults:3 | oooookay, that's passable
 47185 | Vaults:3 | better than nothing
 47224 | Vaults:3 | Reached skill level 18 in Fighting
 47692 | Vaults:3 | Found a shimmering altar of Xom.
 48070 | Vaults:4 | Noticed Jory
 48094 | Vaults:4 | haven't seen jory in a while
 48114 | Vaults:4 | Killed Jory
 48288 | Vaults:4 | Reached XP level 20. HP: 159/189 MP: 29/29
 48368 | Vaults:4 | this amulet of reflection is absolutely amazing
 48368 | Vaults:4 | i swear
 48771 | Vaults:4 | shit
 48822 | Vaults:3 | Reached skill level 19 in Fighting
 49039 | Vaults:4 | that's either summoning or brand weapon
 49040 | Vaults:4 | summoning
 49986 | Vaults:4 | ok, vaults cleared
 49986 | Vaults:4 | i'll risk elf now
 50308 | D:9      | Learned a level 5 spell: Phase Shift
 50310 | D:9      | Learned a level 1 spell: Flame Tongue
 50504 | Elf:1    | Entered Level 1 of the Elven Halls
 51001 | Elf:1    | Got an encrusted falchion
 51002 | Elf:1    | Identified the +8 falchion of Fatigue {flame, Str+2 Stlth+} (You found it on level 1 of the Elven Halls)
 51269 | Elf:1    | Identified the Guide on the Escort
 51272 | Elf:1    | Learned a level 1 spell: Summon Butterflies
 51339 | Elf:1    | Found an ancient bone altar of Kikubaaqudgha.
 51486 | Elf:1    | Reached skill level 1 in Summonings
 51852 | Elf:2    | Found a runed gate.
 51852 | Elf:2    | Found a runed gate.
 51852 | Elf:2    | Found a runed gate.
 52046 | Elf:2    | Reached skill level 20 in Fighting
 52304 | Elf:2    | Reached skill level 5 in Summonings
 52740 | Elf:3    | Entered Level 3 of the Elven Halls
 52746 | Elf:3    | bad vault
 52746 | Elf:3    | this will be a problem
 52756 | Elf:3    | Found Neucich's Jewellery Emporium.
 52765 | Elf:3    | Bought the ring of the Thirteen Beggars {rF+ Str+2 Int+2} for 411 gold pieces
 52765 | Elf:3    | Bought the amulet of Agnosticism {Gourm rC++ Str+4} for 1006 gold pieces
 52845 | Elf:3    | Reached skill level 1 in Spellcasting
 53237 | Elf:3    | Reached XP level 21. HP: 186/201 MP: 30/30
 53247 | Elf:3    | this is really, really fucking risky
 53247 | Elf:3    | if i die, i'll have only myself to blame
 53247 | Elf:3    | literally taking elf:3 head on
 53265 | Elf:3    | Got a pitted turquoise ring
 53311 | Elf:3    | Identified the Collected Works on Unstable Necromancy
 53315 | Elf:3    | Learned a level 2 spell: Stoneskin
 53622 | Elf:3    | Got a heavily runed turquoise ring
 53624 | Elf:3    | Identified the ring "Atsatyne" {*Tele +Fly rElec rC+ Int-5} (You took it off a deep elf death mage on level 3 of the Elven Halls)
 53625 | Elf:3    | Identified the ring of Veipyz {Wiz rElec Int+3 Dex+3} (You took it off a deep elf master archer on level 3 of the Elven Halls)
 53626 | Elf:3    | yea, they both suck
 53626 | Elf:3    | though that wiz ring might be ok for switching
 53628 | Elf:3    | definitely, phase shift is castable with it
 53628 | Elf:3    | it will be tedious as all hel though
 53628 | Elf:3    | i should just keep it on
 53628 | Elf:3    | i only lose 2 ev with it
 53662 | Elf:3    | Reached skill level 5 in Spellcasting
 53670 | Elf:3    | Got an ivory scimitar {elec}
 53671 | Elf:3    | Identified the +9 scimitar of Embarrassment {elec, rC+ rN+ MR+} (You took it off a deep elf elementalist on level 3 of the Elven Halls)
 53672 | Elf:3    | wow
 53672 | Elf:3    | that's a really damn nice sword
 53672 | Elf:3    | gotta keep it around
 54475 | Crypt:1  | Entered Level 1 of the Crypt
 54475 | Crypt:1  | Noticed Jorgrun
 54482 | Crypt:1  | Killed Jorgrun
 54482 | Crypt:1  | Reached skill level 1 in Earth Magic
 55243 | Crypt:1  | Noticed Xtahua
 55255 | Crypt:1  | Killed Xtahua
 55265 | Crypt:1  | Killed the ghostly Xtahua
 56360 | Crypt:2  | Reached skill level 15 in Dodging
 56381 | Crypt:2  | Reached XP level 22. HP: 94/209 MP: 31/33
 57104 | Crypt:2  | Reached skill level 1 in Transmutations
 57380 | Crypt:3  | Entered Level 3 of the Crypt
 57437 | Crypt:3  | Found a magical portal.
 57442 | WizLab   | Entered Lehudib's Moon Base
 57474 | WizLab   | i've never been in this one
 57486 | WizLab   | 3% on golden eye
 57486 | WizLab   | nasty
 57659 | WizLab   | it's like im in slime already
 57659 | WizLab   | (almost)
 58326 | WizLab   | Gained mutation: Your body sometimes deteriorates upon taking damage. [a cacodemon]
 58327 | WizLab   | Gained mutation: You occasionally shout uncontrollably at your foes. [a cacodemon]
 58331 | WizLab   | Gained mutation: Potions and wands are less effective at restoring your health. [a cacodemon]
 58366 | WizLab   | nice
 58366 | WizLab   | NICE
 58366 | WizLab   | cacodemon
 58366 | WizLab   | great
 58780 | WizLab   | Identified the Handbook of Boosts
 58787 | WizLab   | Learned a level 2 spell: Song of Slaying
 58848 | WizLab   | Reached skill level 1 in Charms
 59223 | WizLab   | Identified Lehudib's Disquisition on Quantum Clay
 59263 | WizLab   | Got a dazzling steam dragon armour
 59264 | WizLab   | Identified the +6 steam dragon armour "Zagiasso" {rN+} (You found it in a wizard's laboratory)
 59639 | Crypt:3  | Reached XP level 23. HP: 184/215 MP: 35/35
 59961 | Crypt:3  | Found a staircase to the Tomb.
 60034 | Crypt:3  | "deterioration 1 isn't that bad"
 60034 | Crypt:3  | "you can get your stats back by killing enemies"
 60034 | Crypt:3  | my ass
 60034 | Crypt:3  | i'm constantly at -3 to -4
 60034 | Crypt:3  | at least it doesn't go even further down I GUESS
 60194 | Crypt:3  | fuck curse skulls
 60246 | Crypt:3  | was i really thinking of going to tomb?
 60425 | Crypt:3  | Noticed an ancient lich
 60426 | Crypt:3  | ancient lich
 60426 | Crypt:3  | ohhhh boy
 60453 | Crypt:3  | Killed an ancient lich
 60599 | Crypt:3  | Found an ancient bone altar of Kikubaaqudgha.
 60842 | Crypt:3  | is this a fucking Zot trap
 60842 | Crypt:3  | in the way
 60842 | Crypt:3  | great
 60843 | Crypt:3  | Got a bound glass ring
 60849 | Crypt:3  | Got a sparkling silver ring
 60857 | Crypt:3  | Identified the ring of the First Lives {rN+ Str+5 Int+4 Dex-3} (You took it off a skeletal warrior on level 3 of the Crypt)
 60858 | Crypt:3  | Identified the ring of Wehasoli {rF+ rN+ Int+4} (You took it off a skeletal warrior on level 3 of the Crypt)
 60978 | Crypt:3  | Got a glittering wooden ring
 60988 | Crypt:3  | Identified the ring of Hatzapni {rElec rN+ MP+9 Int+2 Dex+3} (You took it off a skeletal warrior on level 3 of the Crypt)
 60989 | Crypt:3  | all these nice rings i'll not use
 61109 | Crypt:3  | Reached skill level 15 in Throwing
 61238 | Crypt:3  | fuck it, let's just step on it
 61238 | Crypt:3  | what can go wrong :^)
 61254 | Crypt:3  | silence
 61379 | Crypt:3  | that's crypt
 61379 | Crypt:3  | depths time
 61585 | Depths:1 | Entered Level 1 of the Depths
 61587 | Depths:1 | fuck
 61587 | Depths:1 | which one is it
 61587 | Depths:1 | 6 portals and one of them is bazaar
 61587 | Depths:1 | useful magic mapping, thanks
 61630 | Depths:1 | Found Xineetz's Weapon Shoppe.
 61648 | Depths:1 | Found Dusar's Assorted Antiques.
 61685 | Depths:1 | Found a flickering gateway to a bazaar.
 61691 | Bazaar   | Entered a bazaar
 61691 | Bazaar   | Found Agecel's General Store.
 61691 | Bazaar   | Found Haggefac's Antique Armour Boutique.
 61692 | Bazaar   | got it
 61710 | Bazaar   | Found Caischil's Antique Weapon Emporium.
 61718 | Bazaar   | Bought a runed scimitar for 108 gold pieces
 61726 | Bazaar   | Found Fozasm's Jewellery Shop.
 61734 | Bazaar   | jesus, these rings
 61734 | Bazaar   | i'm so assblasted
 61734 | Bazaar   | at least they're cheap
 61734 | Bazaar   | Bought the cursed ring of Bamiwkaw {rF+ rN+ MR+ EV-2 Str-3} for 126 gold pieces
 61734 | Bazaar   | Bought the ring of Annin {rF+ rC+ rN+ MR+ Dex-3} for 382 gold pieces
 61737 | Bazaar   | Found Lepu's Distillery.
 61758 | Bazaar   | Bought a potion of agility for 68 gold pieces
 61758 | Bazaar   | Bought a potion of heal wounds for 85 gold pieces
 61760 | Bazaar   | Bought a potion of curing for 51 gold pieces
 61760 | Bazaar   | Bought a potion of flight for 51 gold pieces
 61760 | Bazaar   | Bought a potion of curing for 51 gold pieces
 61788 | Bazaar   | it's fucking nothing etc.
 61846 | Depths:1 | unknown potion for 27 gold
 61846 | Depths:1 | it's exp pot and not berserk rage right?
 61846 | Depths:1 | :D :D :D
 61846 | Depths:1 | Bought a bubbling orange potion for 27 gold pieces
 61848 | Depths:1 | who would have thought, it's berserk rage
 61926 | Depths:1 | Found Lamoqie's Food Emporium.
 62436 | Depths:1 | Found a huge runed gate.
 62436 | Depths:1 | Found a huge runed gate.
 62436 | Depths:1 | Found a huge runed gate.
 62437 | Depths:1 | Found a huge runed gate.
 62437 | Depths:1 | Found a huge runed gate.
 62438 | Depths:1 | Found a huge runed gate.
 62438 | Depths:1 | Found a huge runed gate.
 62439 | Depths:1 | Found a huge runed gate.
 62440 | Depths:1 | Found a huge runed gate.
 62442 | Depths:1 | Found a huge runed gate.
 62458 | Depths:1 | Found a huge runed gate.
 62459 | Depths:1 | Found a huge runed gate.
 62459 | Depths:1 | Found a huge runed gate.
 62460 | Depths:1 | Found a huge runed gate.
 62460 | Depths:1 | Found a huge runed gate.
 62463 | Depths:1 | now this is just scary
 62463 | Depths:1 | i don't want to open this do i
 62465 | Depths:1 | Found a huge runed gate.
 62465 | Depths:1 | Found a huge runed gate.
 62465 | Depths:1 | Found a huge runed gate.
 62465 | Depths:1 | Found a huge runed gate.
 62465 | Depths:1 | Found a huge runed gate.
 62573 | Depths:1 | Noticed Saint Roka
 62836 | Depths:1 | Found a gateway to Hell.
 63007 | Depths:1 | Found Ijeg's Distillery.
 63010 | Depths:1 | Bought 2 potions of heal wounds for 140 gold pieces
 63157 | Depths:1 | Killed Saint Roka
 63327 | Depths:1 | Identified Odicvub's Tome of the Snowflakes and Combat Magic (You found it on level 1 of the Depths)
 63557 | Depths:1 | ok
 63557 | Depths:1 | i'm gonna open this
 63557 | Depths:1 | and deeply regret it later
 63575 | Depths:1 | the only gripe i have with this
 63575 | Depths:1 | is that fucking entropy weaver aaaaall the way in the back
 64367 | Depths:1 | remove curse scroll, so worth it
 64589 | Depths:2 | Reached XP level 24. HP: 144/225 MP: 35/35
 64752 | Depths:2 | Found a one-way gate leading to the halls of Pandemonium.
 65172 | Depths:2 | FUCK
 65172 | Depths:2 | ENTROPY
 65172 | Depths:2 | WEAVERS
 65172 | Depths:2 | and of course the other bastard has an antimagic...
 65172 | Depths:2 | HAND AXE
 65172 | Depths:2 | i have to run from a hand axe
 65172 | Depths:2 | great
 65173 | Depths:2 | oh right
 65173 | Depths:2 | can't heal up
 65173 | Depths:2 | because of no device heal mutation
 65173 | Depths:2 | :^)
 65183 | Depths:2 | Reached skill level 21 in Fighting
 65589 | Depths:2 | jesus another one
 65589 | Depths:2 | fuck whoever came up with this monster
 65589 | Depths:2 | so fucking fun
 65594 | Depths:2 | oh look already -4 through a resist i ahve to sacrifice a slot for
 65601 | Depths:2 | -8 because he doesn't even have to stop to do this :^)
 65690 | Depths:2 | and another one
 65690 | Depths:2 | i'm having so much FUN
 66437 | Depths:2 | >caustic shrike shaped shifter
 66504 | Depths:2 | how the hell are spriggans so fucking strong
 66504 | Depths:2 | it's like the weakest species of all
 66504 | Depths:2 | and those guys are like behemots
 66823 | Depths:2 | Reached skill level 22 in Fighting
 66908 | Depths:2 | Gained mutation: You expend magic power (3 MP) to strengthen your wands. [a shining eye]
 66911 | Depths:2 | yes
 66911 | Depths:2 | shape shift into a shining eye
 66911 | Depths:2 | then malmutate the living shit out of me
 66911 | Depths:2 | yessss
 66911 | Depths:2 | I LOVE IT
 66916 | Depths:2 | at least MP-powered wands does nothing to me in this challenge
 66989 | Depths:2 | Noticed a juggernaut
 66990 | Depths:2 | juggernaut
 66990 | Depths:2 | now the fun truly begins
 66993 | Depths:2 | fucking ow
 67009 | Depths:2 | can't take him on, not with all these bastards around him
 67535 | Depths:2 | round two
 67556 | Depths:2 | Killed a juggernaut
 67561 | Depths:2 | got him
 67679 | Depths:2 | i saw a demon blade somewhere there, nice stuff for TSO
 67776 | Depths:2 | Got a pair of ancient gloves
 67777 | Depths:2 | Identified the -4 pair of gloves "Goquoro" {+Inv rF- rCorr Slay+3} (You found it on level 2 of the Depths)
 67778 | Depths:2 | -4 gloves of rF-
 67778 | Depths:2 | niiiiice
 67991 | Depths:3 | Learned a level 2 spell: Shroud of Golubria
 68172 | Depths:3 | Reached skill level 10 in Spellcasting
 68265 | Depths:3 | i want to find firestorm so i can have an excuse to put all my exp into fire magic
 68332 | Depths:3 | Found a gateway to a ziggurat.
 69392 | Depths:2 | Identified an uncursed eudemon blade of holy wrath {god gift} (a demon blade of draining blessed by the Shining One)
 69392 | Depths:2 | Received a gift from the Shining One
 69737 | Depths:3 | Reached XP level 25. HP: 82/238 MP: 37/37
 70068 | Depths:3 | Found Ickery's Antique Weapon Emporium.
 70071 | Depths:3 | Noticed Margery
 70105 | Depths:3 | Killed Margery
 70224 | Depths:3 | Reached skill level 10 in Translocations
 70629 | Depths:4 | Found Dolex's Food Boutique.
 70809 | Depths:4 | Found a sacrificial altar of Ru.
 71068 | Depths:4 | Found a one-way gate to the infinite horrors of the Abyss.
 71377 | Depths:4 | Found a roughly hewn altar of Beogh.
 71488 | Depths:4 | Reached skill level 23 in Fighting
 71742 | Depths:5 | Entered Level 5 of the Depths
 71768 | Depths:5 | Learned a level 6 spell: Haste
 71775 | Depths:5 | Learned a level 6 spell: Deflect Missiles
 71778 | Depths:5 | haste baby
 71778 | Depths:5 | now only put 20 in charms and i'm home!
 71778 | Depths:5 | ha ha
 72129 | Depths:5 | Reached skill level 5 in Charms
 72280 | Depths:5 | second acquirement
 72280 | Depths:5 | what do i get though
 72280 | Depths:5 | wands are out
 72280 | Depths:5 | i have good weapons
 72280 | Depths:5 | probably armor
 72281 | Depths:5 | Got a fine cloak
 72282 | Depths:5 | Identified the +0 cloak of the Unseen Realm {rC+ MR- Str+2 Int+5} (You acquired it on level 5 of the Depths)
 72283 | Depths:5 | MR-
 72283 | Depths:5 | sure
 72283 | Depths:5 | to the trash it goes
 72500 | Depths:5 | Found a gate to the Realm of Zot.
 72571 | Depths:5 | Noticed a juggernaut
 72591 | Depths:5 | Killed a juggernaut
 72773 | Depths:4 | fuck entropy weavers
 72773 | Depths:4 | -16 through resist
 73195 | Depths:5 | damn
 73195 | Depths:5 | i'd like to have haste online before abyss
 73195 | Depths:5 | and i've run out of places to go to
 73195 | Depths:5 | oh wait, i can still go to hell
 73224 | Hell     | Entered the Vestibule of Hell
 73224 | Hell     | Noticed Geryon
 73246 | Hell     | isn't this a bit much?
 73553 | Hell     | Killed Geryon
 73581 | Depths:5 | Reached skill level 10 in Charms
 73790 | Depths:4 | fuck yeah cleansing flame spam
 73790 | Depths:4 | not even one star of piety lost
 73810 | Depths:5 | haste at 10% already, good
 73950 | Hell     | jesus why are there still so many
 74052 | Depths:5 | Reached XP level 26. HP: 250/250 MP: 37/37
 74161 | Hell     | finally
 74204 | Hell     | Found a gateway to the freezing wastes of Cocytus.
 74321 | Hell     | Found a gateway to the decaying netherworld of Tartarus.
 74392 | Hell     | Found a gateway to the ashen valley of Gehenna.
 74502 | Hell     | Found a gateway to the Iron City of Dis.
 74580 | Hell     | haste at 6, will have to suffice
 74580 | Hell     | unless i go around hell a bit
 74580 | Hell     | which will be probably a sucidie
 74580 | Hell     | suicide
 74733 | Depths:1 | Bought a scroll of enchant weapon for 225 gold pieces
 74734 | Depths:1 | Bought a potion of magic for 240 gold pieces
 74734 | Depths:1 | Bought a scroll of fog for 60 gold pieces
 74966 | D:9      | Learned a level 3 spell: Passwall
 74972 | D:9      | Learned a level 5 spell: Aura of Abjuration
 74978 | D:9      | Learned a level 5 spell: Silence
 75293 | Depths:4 | Voluntarily entered the Abyss.
 75861 | Abyss:1  | Found a bloodstained altar of Trog.
 76271 | Abyss:1  | Gained mutation: Scrolls take you a little longer to read. [a shining eye]
 76273 | Abyss:1  | fuck you
 76273 | Abyss:1  | fuck all of you fucking fucks
 76274 | Abyss:1  | right, and pull me somewhere else two turns later
 76274 | Abyss:1  | why not before i get malmutated
 76385 | Abyss:1  | Gained mutation: You are occasionally teleported next to monsters. [a neqoxec]
 76698 | Abyss:1  | this is booooring
 76755 | Abyss:1  | Gained mutation: Your magical capacity is low (-10% MP). [a neqoxec]
 76756 | Abyss:1  | Found a bloodstained altar of Trog.
 77141 | Abyss:3  | finally
 77141 | Abyss:3  | now the true tediousness begins
 77151 | Abyss:3  | Found an iron altar of Okawaru.
 77153 | Abyss:3  | okawaru altar
 77153 | Abyss:3  | really
 77244 | Abyss:3  | Found an iron altar of Okawaru.
 77740 | Abyss:3  | oops
 77740 | Abyss:3  | forgot to turn off Charms training
 77740 | Abyss:3  | at least Haste is at 1% now ha ha
 77879 | Abyss:3  | Reached skill level 5 in Earth Magic
 78036 | Abyss:3  | Gained mutation: You are frail (-10% HP). [a neqoxec]
 78246 | Abyss:3  | Gained mutation: You sometimes yell uncontrollably at your foes. [a neqoxec]
 78469 | Abyss:3  | i want off mr bones wild ride
 78631 | Abyss:3  | that's the 3rd way out already
 78644 | Abyss:3  | oh, is this it?
 78647 | Abyss:3  | yes
 78647 | Abyss:3  | and jesus look at all these maelstroms
 78743 | Abyss:3  | no
 78743 | Abyss:3  | no
 78743 | Abyss:3  | no
 78743 | Abyss:3  | no
 78743 | Abyss:3  | noooo
 78743 | Abyss:3  | fuck you
 78769 | Abyss:3  | even the exit was right next to it
 78769 | Abyss:3  | good luck finding it again
 78824 | Abyss:3  | Gained mutation: You are weak. (Str -2) [a neqoxec]
 78892 | Abyss:3  | Got an abyssal rune of Zot
 78911 | Abyss:3  | Reached skill level 10 in Earth Magic
 78914 | Abyss:3  | and now another 5000 turns looking for an exit
 78919 | Abyss:3  | i hate this branch with passion
 79028 | Abyss:3  | Reached XP level 27. HP: 222/232 MP: 33/33
 79546 | Abyss:3  | oh
 79546 | Abyss:3  | an MR+ ring
 79546 | Abyss:3  | NOW
 79546 | Abyss:3  | how fast
 79546 | Abyss:3  | how timely
 79591 | Abyss:3  | i swear i'll get shatter castable faster than i'll get out of here
 79625 | Abyss:3  | no, not deeper
 79625 | Abyss:3  | i want out
 79625 | Abyss:3  | not deeper
 79766 | Abyss:3  | no device heal 3, courtesy of wretched stars!
 79892 | Abyss:3  | Found a shimmering altar of Xom.
 80120 | Abyss:3  | Gained mutation: You are very weak. (Str -4) [a neqoxec]
 80122 | Abyss:3  | Gained mutation: Your spells are a little easier to cast, but a little less powerful. [a neqoxec]
 80160 | Abyss:3  | and another gate down
 80160 | Abyss:3  | thanks
 80194 | Abyss:3  | Gained mutation: Your body often deteriorates upon taking damage. [a cacodemon]
 80197 | Abyss:3  | Lost mutation: You expend magic power (3 MP) to strengthen your wands. [a cacodemon]
 80203 | Abyss:3  | at least i'm gaining rMut
 80203 | Abyss:3  | through having too many bad mutations
 80203 | Abyss:3  | har har
 80399 | Abyss:3  | inb4 teleport
 80407 | Depths:4 | Escaped the Abyss
 80408 | Depths:4 | finally
 81060 | Zot:1    | Entered Level 1 of the Realm of Zot
 81687 | Zot:1    | holy shit i love shifters
 81700 | Zot:1    | 3 shifter at once
 81700 | Zot:1    | i have no words for this
 82290 | Zot:1    | why the fuck is this irresistible
 82290 | Zot:1    | how is that fair
 82290 | Zot:1    | blink blink blink blink
 82338 | Zot:1    | HP: 9/232 [white draconian monk (15)]
 82339 | Zot:1    | petrified by god knows who
 82533 | Zot:1    | fffffuuuuck this teleportation mutation
 82533 | Zot:1    | fuck it with passion
 82629 | Zot:1    | and of course i have only 4 cure mutation
 82629 | Zot:1    | i don't need more :^)
 84415 | Zot:2    | great
 84415 | Zot:2    | love this mutation
 84415 | Zot:2    | makes things exciting :^)
 84445 | Zot:2    | Noticed an orb of fire
 84458 | Zot:2    | Gained mutation: You are very frail (-20% HP). [an orb of fire]
 84464 | Zot:2    | Gained mutation: Scrolls take you longer to read. [an orb of fire]
 84487 | Zot:2    | Killed an orb of fire
 84685 | Zot:2    | i'd cure those mutations but i'll simply gain them back as soon as i meet an orb of fire
 84685 | Zot:2    | because rMut was a bad thing to have :^)
 84767 | Zot:2    | this mutation, i swear
 84782 | Zot:2    | best tele ever
 84782 | Zot:2    | so useful
 88832 | Zot:4    | Got a distressingly furry cloak
 88835 | Zot:4    | Identified the -1 cloak "Qeskiv" {rCorr Str+4 Dex+4 Slay-6} (You acquired it on level 4 of the Realm of Zot)
 88835 | Zot:4    | this is not even funny
 88835 | Zot:4    | -1 cloak Slay-6 from acquirement
 88835 | Zot:4    | just give me a fucking blue large shield
 88835 | Zot:4    | it doesn't have to be a randart
 88835 | Zot:4    | just a normal branded one
 89252 | Zot:5    | Entered Level 5 of the Realm of Zot
 89255 | Zot:5    | okay
 89255 | Zot:5    | do i risk it or do i try to clean my mutations first
 89257 | Zot:4    | inb4 i clear my MR+ mut instead
 89257 | Zot:4    | Lost mutation: Your spells are a little easier to cast, but a little less powerful. [potion of cure mutation]
 89257 | Zot:4    | Lost mutation: Your magical capacity is low (-10% MP). [potion of cure mutation]
 89257 | Zot:4    | Lost mutation: You are occasionally teleported next to monsters. [potion of cure mutation]
 89257 | Zot:4    | Lost mutation: You are very frail (-20% HP). [potion of cure mutation]
 89257 | Zot:4    | Lost mutation: You are resistant to hostile enchantments. [potion of cure mutation]
 89257 | Zot:4    | Lost mutation: You are very weak. (Str -4) [potion of cure mutation]
 89258 | Zot:4    | of course!
 89258 | Zot:4    | Lost mutation: Potions and wands are less effective at restoring your health. [potion of cure mutation]
 89258 | Zot:4    | Lost mutation: You can translocate small distances at will. [potion of cure mutation]
 89258 | Zot:4    | Lost mutation: Your body often deteriorates upon taking damage. [potion of cure mutation]
 89258 | Zot:4    | Lost mutation: Your body sometimes deteriorates upon taking damage. [potion of cure mutation]
 89258 | Zot:4    | Lost mutation: You are frail (-10% HP). [potion of cure mutation]
 89258 | Zot:4    | Lost mutation: You sometimes yell uncontrollably at your foes. [potion of cure mutation]
 89259 | Zot:4    | and i still yell uncontrollably
 89259 | Zot:4    | fuck this, i'm leaving last two for orb run
 89273 | Zot:5    | and blurry vision too
 89273 | Zot:5    | jesus
 89378 | Zot:5    | Noticed an ancient lich
 89390 | Zot:5    | Killed an ancient lich
 89896 | Zot:5    | Reached skill level 24 in Fighting
 90052 | Zot:5    | i was lucky at least with orb of fire spawns
 90052 | Zot:5    | only one in the whole zot up to the orb vault
 90183 | Zot:5    | Noticed an ancient lich
 90191 | Zot:5    | Noticed an orb of fire
 90193 | Zot:5    | Noticed an ancient lich
 90204 | Zot:5    | Killed an ancient lich
 90222 | Zot:5    | Killed an orb of fire
 90229 | Zot:5    | Killed an ancient lich
 90528 | Zot:5    | Noticed an ancient lich
 90533 | Zot:5    | Killed an ancient lich
 90693 | Zot:5    | Noticed an orb of fire
 90710 | Zot:5    | Noticed an orb of fire
 90710 | Zot:5    | Gained mutation: Your spells are a little easier to cast, but a little less powerful. [an orb of fire]
 90713 | Zot:5    | Gained mutation: Scrolls take you much longer to read. [an orb of fire]
 90719 | Zot:5    | Gained mutation: You sometimes yell uncontrollably at your foes. [an orb of fire]
 90720 | Zot:5    | Killed an orb of fire
 90727 | Zot:5    | Gained mutation: You are occasionally teleported next to monsters. [an orb of fire]
 90732 | Zot:5    | Gained mutation: You are dopey. (Int -2) [an orb of fire]
 90741 | Zot:5    | Killed an orb of fire
 90773 | Zot:4    | hello teleportation mutation again
 91245 | Zot:5    | i can't wait when this shit will teleport me into orb of fires
 91841 | Zot:5    | Noticed an ancient lich
 91864 | Zot:5    | Noticed an orb of fire
 91866 | Zot:5    | Gained mutation: You are very weak. (Str -4) [an orb of fire]
 91873 | Zot:5    | Gained mutation: You are very dopey. (Int -4) [an orb of fire]
 91894 | Zot:5    | Gained mutation: Your body sometimes deteriorates upon taking damage. [an orb of fire]
 91896 | Zot:5    | Killed an orb of fire
 91909 | Zot:5    | Killed an ancient lich
 92017 | Zot:5    | i looooove orb of fires
 92029 | Zot:5    | orbs of fire
 92035 | Zot:5    | whatever
 92738 | Zot:5    | Lost mutation: Scrolls take you much longer to read. [potion of cure mutation]
 92738 | Zot:5    | Lost mutation: Scrolls take you longer to read. [potion of cure mutation]
 92738 | Zot:5    | Lost mutation: You are occasionally teleported next to monsters. [potion of cure mutation]
 92738 | Zot:5    | Lost mutation: You are very weak. (Str -4) [potion of cure mutation]
 92739 | Zot:5    | Lost mutation: Scrolls take you a little longer to read. [potion of cure mutation]
 92739 | Zot:5    | Lost mutation: You are very dopey. (Int -4) [potion of cure mutation]
 92739 | Zot:5    | Lost mutation: You are dopey. (Int -2) [potion of cure mutation]
 92740 | Zot:5    | and i'm out of cure mut
 92740 | Zot:5    | and still screaming 2
 92740 | Zot:5    | so that's the end of the run
 92744 | Zot:5    | 9 tele, 4 blinks, should be enough
 92745 | Zot:5    | Got the Orb of Zot
 92862 | Zot:3    | Reached skill level 25 in Fighting
 93328 | D:9      | Noticed Sab Ziojouh the pandemonium lord
 93343 | D:9      | Killed Sab Ziojouh the pandemonium lord
 93484 | D:8      | Noticed a seraph
 93763 | D:$      | Escaped with the Orb!

Vault maps used:
D:1:      matt_arrival_diagonals
D:2:      first_bread, nicolae_ru_sacrificial_ziggurat
D:3:      nicolae_ashenzari_panopticon
D:4:      nicolae_dithmenos_through_a_glass_darkly, serial_co_window_serial,
          co_window_paths_a, co_window_corner_a, co_window_cross_1,
          co_window_paths_a, co_window_of_opportunity_a,
          co_window_of_opportunity_a, co_window_paths_a, co_window_paths_a,
          co_window_corner_a, co_window_unsneaky_path_b, co_window_broadway_c,
          co_window_broadway_b, co_window_corner_ca, co_window_unsneaky_path_e,
          glass_columns_a, glass_columns_b
D:5:      lemuel_doored_altar, serial_shops, shop
D:6:      minmay_temple_entry_enclosed_plants, serial_shops, shop, uniq_duvessa,
          uniq_blork_the_orc, uniq_grinder
D:7:      nicolae_overflow_hidden_temple, the_bakery,
          hangedman_abyss_or_decor_stabs
D:8:      nicolae_overflow_crystal_walls, special_room, uniq_erolcha
D:9:      lemuel_coloured_pillars_altar, gammafunk_temple_overflow_elements,
          david_lair_shrubbed, billiards_dpeg
D:10:     serial_shops, nicolae_shop_window_shopping, special_room
D:11:     minmay_diamond_stairs, orc_0_dummy, uniq_grum
D:13:     uniq_maurice
D:14:     david_vaults_1, minmay_misc_feat_x, minivault_15, uniq_sonja
D:15:     hangedman_depths_entry_civil_slaughter, serial_park_tiny_1,
          minmay_liquid_box, minmay_misc_feat_tower, minivault_22
Temple:   chambers_temple_12
Lair:3:   nicolae_spider_entry_orb_guardian, enter_volcano_1,
          kennysheep_basilisk_garden, infiniplex_staircase_pool,
          lemuel_fruit_fields
Lair:4:   minivault_19
Lair:5:   minmay_shoals_entry_centaurs, kilobyte_rumbling_trees
Lair:6:   basic_altar, grunt_megastairs_2
Lair:7:   dpeg_slime_entry_corner
Lair:8:   grunt_lair_end_beastmaster
Shoals:1: nicolae_shoals_c_island, uniq_roxanne, uniq_aizul
Shoals:4: shoals_end_simple, shoal_ilsuiw
Spider:1: uniq_louise
Spider:3: nicolae_spider_corner, hangedman_stitches_earthworm,
          nicolae_spider_cling_ruins
Spider:4: guppyfry_spider_rune, spider_trap, uniq_donald
Orc:1:    portal_ice_cave_entry_ice_beasts, uniq_fannar, uniq_urug, uniq_snorg
Orc:2:    grunt_orc_gardens, grunt_orc_garden, grunt_orc_garden,
          grunt_orc_garden, grunt_orc_garden, uniq_azrael
Elf:1:    basic_altar, minmay_elf_demonology
Elf:3:    grunt_elf_hall_spiral, serial_shops, shop_fountains, minivault_28
Vaults:1: dpeg_vaults_monster_row, v_pattern_4, v_misc_18,
          grunt_vaults_trifunnel, nicolae_vaults_big_ls, ontoclasm_vaults_chip,
          v_alt_pattern_3, vaults_room_fancy_cross, v_misc_19,
          grunt_vaults_hallway_short, serial_shops, nicolae_shop_window_shopping
Vaults:2: hangedman_vaults_corner, v_rooms_4, v_misc_17,
          minmay_crypt_entry_simple_sparse, grunt_tower_of_power, v_misc_31,
          ontoclasm_vaults_misaligned, hangedman_vaults_cutoff,
          grunt_vaults_funnel, nicolae_vaults_mini_display_case,
          vaults_room_semicircle
Vaults:3: nicolae_vaults_little_squares_4, nicolae_vaults_little_squares_3,
          hangedman_vaults_trim, v_misc_28, ontoclasm_vaults_gallery,
          vaults_room_stairs_pillars, hangedman_vaults_restitches,
          vaults_dpeg_cross, v_misc_29, nicolae_vaults_little_squares_3,
          v_misc_1, basic_altar, uniq_frederick
Vaults:4: st_hourglassy, nicolae_vaults_big_angled_halls, grunt_vaults_diagonal,
          v_misc_23, v_misc_30, nicolae_vaults_little_squares_1,
          vaults_room_hallway, uniq_jory
Crypt:1:  hex_tiny, grunt_megastairs_3, uniq_jorgrun, uniq_xtahua
Crypt:2:  grunt_deathspiral_small, st_stairs_9
Crypt:3:  church_of_pain_bobbens, tomb_entry_shell_bobbens,
          infiniplex_enter_wizlab_spiral, lemuel_nasty_fountain
Depths:1: serial_shops, bzr_entry_safe, kennysheep_mini_moat,
          nicolae_shop_waterfront, nicolae_shop_waterfront, shop,
          grunt_hell_entry_dis_mu, grunt_decor_fettered,
          kennysheep_cluttered_room, door_vault, uniq_saint_roka
Depths:2: grunt_runaround, hell_entry, pan_entry
Depths:3: hangedman_screamer, enter_ziggurat_a, serial_shops, shop,
          rand_demon_pan_entry_4, hangedman_abyss_or_decor_passed, hell_entry,
          hangedman_decor_clover_reticule, lemuel_nasty_fountain, uniq_margery
Depths:4: orc_temple, abyss_entry_crystal, kennysheep_flooded_box, hell_entry,
          serial_shops, shop, infiniplex_staircase_pool_1, firewood_loft
Depths:5: evilmike_zot_entry_round, roderic_st_hans_cross, hell_entry,
          pan_entry, serial_bayou_pond_b, serial_sigils_hangedman_scratch
Zot:2:    grunt_zot_stairs_mandelzot
Zot:3:    nicolae_moth_party, guppyfry_library_mini
Zot:4:    kennysheep_blocky_hall
Abyss:2:  hangedman_abyss_mock_shop
Abyss:3:  bh_abyss_exit_spiral, nicolae_abyss_rune_left_handed,
          kilobyte_mutagenic_chamber
Bazaar:   bazaar_lake
IceCv:    ice_cave_statue_garden_02
Volcano:  volcano_tomb
WizLab:   wizlab_lehudib

Action                   |  1- 3 |  4- 6 |  7- 9 | 10-12 | 13-15 | 16-18 | 19-21 | 22-24 | 25-27 || total
-------------------------+-------+-------+-------+-------+-------+-------+-------+-------+-------++-------
Melee: Flail             |   104 |   198 |    14 |       |       |       |       |       |       ||   316
       Falchion          |       |       |   269 |   294 |   134 |   108 |    30 |       |       ||   835
       Double sword      |       |       |       |   409 |  1231 |  1823 |  1990 |  2313 |  5026 || 12792
       Eudemon blade     |       |       |       |       |       |       |       |    61 |       ||    61
Throw: Throwing net      |       |       |       |     1 |       |     1 |       |       |       ||     2
       Tomahawk          |       |       |       |       |     5 |    62 |     2 |     9 |    22 ||   100
       Javelin           |       |       |       |       |     1 |    10 |       |       |       ||    11
 Cast: Phase Shift       |       |       |       |       |       |       |     8 |    16 |    30 ||    54
       Stoneskin         |       |       |       |       |       |       |     2 |     3 |     9 ||    14
       Song of Slaying   |       |       |       |       |       |       |       |     1 |       ||     1
       Shroud of Golubri |       |       |       |       |       |       |       |       |     1 ||     1
       Apportation       |       |       |       |       |       |       |       |       |     1 ||     1
       Haste             |       |       |       |       |       |       |       |       |    15 ||    15
       Aura of Abjuratio |       |       |       |       |       |       |       |       |     3 ||     3
       Flame Tongue      |       |       |       |       |       |       |       |       |     2 ||     2
       Summon Butterflie |       |       |       |       |       |       |       |       |     2 ||     2
Invok: Divine Shield     |       |       |       |     2 |    11 |     7 |     5 |    11 |    12 ||    48
       Summon Divine War |       |       |       |       |     1 |     4 |     1 |     2 |     7 ||    15
       Cleansing Flame   |       |       |       |       |       |     2 |     3 |    17 |    54 ||    76
       Brand Weapon With |       |       |       |       |       |       |       |     1 |       ||     1
 Abil: Breathe Sticky Fl |       |       |     1 |     4 |     2 |     1 |       |       |    20 ||    28
  Use: Scroll            |     4 |     8 |     9 |    13 |    11 |     6 |    13 |    17 |    25 ||   106
       Potion            |       |     5 |       |     2 |     4 |    14 |     2 |     4 |    12 ||    43
 Stab: Sleeping          |     1 |       |     2 |       |       |       |       |       |       ||     3
       Distracted        |       |       |       |       |       |       |       |     1 |       ||     1
  Eat: Chunk             |     2 |    10 |    15 |    31 |    43 |    40 |    30 |    25 |    35 ||   231
       Beef jerky        |       |       |       |       |     2 |     2 |     4 |       |     3 ||    11
       Pizza             |       |       |       |       |     1 |     1 |       |     3 |     4 ||     9
       Royal jelly       |       |       |       |       |       |     1 |     3 |    12 |    10 ||    26
       Fruit             |       |       |       |       |       |       |       |     1 |     4 ||     5
       Bread ration      |       |       |       |       |       |       |       |       |    15 ||    15
